 Dungeon Crawl Stone Soup version 0.29.0-11-gd7f09526c8 (webtiles) character file.

Game seed: 780054647175047870

402 RascalDebosk the Shooter (level 6, -2/52 HPs)
             Began as a Minotaur Hunter on Sept 4, 2022.
             Killed by divine providence
             ... invoked by an orc priest
              (12 damage)
             ... on level 5 of the Dungeon.
             The game lasted 00:29:09 (2985 turns).

RascalDebosk the Shooter (Minotaur Hunter)          Turns: 2985, Time: 00:29:10

Health: -2/52      AC:  7    Str: 16    XL:     6   Next: 55%
Magic:  5/5        EV: 11    Int:  6    God:
Gold:   311        SH:  0    Dex: 15    Spells: 5/5 levels left

rFire   . . .      SeeInvis .   a - +0 shortbow
rCold   . . .      Faith    .   (shield currently unavailable)
rNeg    + . .      Spirit   .   o - +0 scale mail
rPois   .          Reflect  .   (helmet restricted)
rElec   .          Harm     .   (no cloak)
rCorr   .          Rampage  .   t - +0 pair of gloves
Will    .....                   (no boots)
Stlth   ..........              n - amulet of regeneration
HPRegen 0.97/turn               q - ring of flight
MPRegen 0.09/turn               s - ring of positive energy

@: flying
A: horns 2, retaliatory headbutt
a: no special abilities


You were on level 5 of the Dungeon.
You visited 1 branch of the dungeon, and saw 5 of its levels.

You collected 311 gold pieces.

Inventory:

Hand Weapons
 a - a +0 shortbow (weapon)
Armour
 o - a +0 scale mail (worn)
 t - a +0 pair of gloves (worn)
Jewellery
 n - an amulet of regeneration (around neck)
 q - a ring of flight (left hand)
 s - a ring of positive energy (right hand)
Scrolls
 b - 2 scrolls of immolation
Potions
 c - a potion of magic
 d - a potion of heal wounds
 h - 5 potions of curing
 l - 2 potions of resistance
 m - a potion of flight
 p - 2 potions of lignification
 r - 2 potions of might


   Skills:
 + Level 4.0 Fighting
 + Level 5.3 Ranged Weapons
 + Level 3.0 Armour
 + Level 3.6 Dodging
 - Level 0.7 Stealth
 * Level 3.3 Evocations


You had 5 spell levels left.
You didn't know any spells.
Your spell library contained the following spells:

 Spells                   Type           Power      Damage    Failure   Level
 Shock                    Conj/Air       0%         1d3       87%         1
 Portal Projectile        Hex/Tloc       0%         N/A       99%         3
 Swiftness                Air            0%         N/A       99%         3
 Tukima's Dance           Hex            0%         N/A       99%         3
 Airstrike                Air            0%         2d(0-16)  100%        4
 Blade Hands              Tmut           0%         N/A       100%        5


Dungeon Overview and Level Annotations

Branches:
Dungeon (5/15)
 Temple: D:4-7

Altars:
Ru
Yredelemnul


Innate Abilities, Weirdness & Mutations

You have a pair of horns on your head.
You reflexively headbutt those who attack you in melee.


Message History

Non-targeted confused fire: a) +0 shortbow
Press: ? - help, Q - select action Dir - look around, f - activate You shoot an arrow.
The gnoll hits you but does no damage.
Non-targeted confused fire: a) +0 shortbow
Press: ? - help, Q - select action Dir - look around, f - activate Look: a gnoll, wielding a +0 club (heavily wounded)
You shoot an arrow. The gnoll hits you but does no damage.
Non-targeted confused fire: a) +0 shortbow
Press: ? - help, Q - select action Dir - look around, f - activate You shoot an arrow.
The arrow barely misses the gnoll.
The arrow misses the orc.
The gnoll hits you with a +0 club.
* * * LOW HITPOINT WARNING * * *
The gnoll hits you with a +0 club.
* * * LOW HITPOINT WARNING * * *
Non-targeted confused fire: a) +0 shortbow
Press: ? - help, Q - select action Dir - look around, f - activate You shoot an arrow.
An orc wizard appears from thin air!
Reactivating autopickup.
The gnoll hits you with a +0 club.
* * * LOW HITPOINT WARNING * * *
Non-targeted confused fire: a) +0 shortbow
Press: ? - help, Q - select action Dir - look around, f - activate You shoot an arrow.
You feel less confused. The gnoll barely misses you.
Unknown command.
Fire: a) +0 shortbow
Press: ? - help, Q - select action Shift-Dir - straight line, f - gnoll
Aim: a gnoll, wielding a +0 club (heavily wounded, 66% to hit)
You shoot an arrow. The arrow hits the gnoll.
The gnoll is severely wounded.
The gnoll closely misses you. You furiously retaliate!
You headbutt the gnoll, but do no damage.
The orc priest mumbles some strange prayers to Beogh against you.
Beogh smites you!
You die...

#......#
+......#
###..##.....#
#....##.....+
#....##.....##.
#....##oo......
#....##{.......
#....##g#o...<.
#....##@# ###..
#.......#
#####...##..####
#.......<.......
#.####......####
#.....(#
#......#
#......#
#......#


You could see an orc priest, an orc wizard and a gnoll.

Vanquished Creatures
  A water moccasin zombie (D:3)
  A scorpion (D:4)
  The ghost of Splishie the Caller, a weakling GnWn of Sif Muna (D:3)
  2 hounds (D:4)
  2 orc priests (D:3)
  3 gnolls (D:5)
  3 adders
  An ufetubus (D:4)
  An adder zombie (D:3)
  2 dart slugs (D:3)
  8 orcs
  5 ball pythons
  2 bats (D:3)
  4 endoplasms
  4 giant cockroaches
  5 goblins
  4 hobgoblins
  3 jackals (D:4)
  2 kobolds
  3 frilled lizards
  6 rats
63 creatures vanquished.

Vanquished Creatures (collateral kills)
  A goblin (D:4)
1 creature vanquished.

Grand Total: 64 creatures vanquished

Notes
Turn   | Place    | Note
-------+----------+-------------------------------------------
     0 | D:1      | RascalDebosk the Minotaur Hunter began the quest for the
                  | Orb.
     0 | D:1      | Reached XP level 1. HP: 18/18 MP: 0/0
   355 | D:1      | Reached XP level 2. HP: 25/25 MP: 1/1
   538 | D:1      | Found a faded altar of an unknown god.
   720 | D:2      | Reached skill level 1 in Evocations
   896 | D:2      | Reached XP level 3. HP: 25/30 MP: 2/2
  1081 | D:2      | Reached skill level 1 in Armour
  1741 | D:3      | Found a runed translucent gate.
  1741 | D:3      | Found a runed translucent gate.
  1741 | D:3      | Found a runed translucent gate.
  1741 | D:3      | Noticed Splishie's ghost (weakling GnWn)
  1743 | D:3      | Found a basalt altar of Yredelemnul.
  1756 | D:3      | Reached XP level 4. HP: 29/38 MP: 3/3
  1781 | D:3      | Killed Splishie's ghost
  1782 | D:3      | Reached XP level 5. HP: 40/45 MP: 4/4
  1807 | D:3      | Reached skill level 5 in Ranged Weapons
  2337 | D:4      | Identified the +8 falchion "Sarcophage" {drain, *Rage MP+9
                  | Str+8}
  2367 | D:4      | Reached XP level 6. HP: 47/52 MP: 5/5
  2473 | D:4      | Found a sacrificial altar of Ru.
  2943 | D:5      | Entered Level 5 of the Dungeon
  2985 | D:5      | Killed from afar by an orc priest

Illustrated notes

Levels and vault maps discovered:
D:1:      mainiacjoe_arrival_reflecting_pool, layout_rooms,
          shapermc_ecumenical_altar_petra, due_unseen_surprise
D:2:      layout_basic
D:3:      layout_loops_ring, nicolae_yredelemnul_ghost_church,
          minmay_misc_feat_tiny, minmay_misc_feat_ornament,
          serial_park_tiny_pond
D:4:      layout_gridville, amcnicky_altar_gilded
D:5:      layout_basic, mainiacjoe_overflow_surrounded_room,
          lemuel_crystal_altar, jmf_multi_god_temple, roderic_batcave

Skill      XL: |  1  2  3  4  5  6 |
---------------+-------------------+-----
Evocations     | 1 2 3 |  3.3
Armour         | 1 2 3 |  3.0
Fighting       | 3 4 |  4.0
Dodging        | 3 |  3.6
Ranged Weapons | 5 |  5.3
Stealth        | |  0.7

Action                   |  1- 3 |  4- 6 || total
-------------------------+-------+-------++-------
 Fire: Shortbow          |    88 |   122 ||   210
  Use: Scroll            |       |    11 ||    11
Armor: Leather armour    |     4 |       ||     4
       Scale mail        |     7 |    45 ||    52
       Ring mail         |     3 |       ||     3
Dodge: Dodged            |    31 |    59 ||    90
